 Dungeon Crawl Stone Soup version 0.27-a0-909-g0721f309d1 (webtiles) character file.

Game seed: 14581078713039863242

200 robertstho the Chiller (level 5, -3/37 HPs)
             Began as a Gnoll Ice Elementalist on Apr 8, 2021.
             Was a Follower of Sif Muna.
             Slain by Grinder (6 damage)
             ... while paralysed by Grinder
             ... on level 3 of the Dungeon.
             The game lasted 00:04:53 (3459 turns).

robertstho the Chiller (Gnoll Ice Elementalist)     Turns: 3459, Time: 00:04:53

Health: -3/37      AC: 13    Str:  8    XL:     5   Next: 79%
Magic:  12/12      EV:  2    Int: 15    God:    Sif Muna [*.....]
Gold:   178        SH:  0    Dex: 12    Spells: 7/14 levels left

rFire    + . .     SeeInvis .   b - +5 trident (protect)
rCold    + . .     Faith    .   (no shield)
rNeg     . . .     Spirit   .   a - +0 robe
rPois    +         Reflect  .   f - +1 helmet
rElec    +         Harm     .   (no cloak)
rCorr    +         Rampage  .   g - +1 pair of gloves {Stlth+}
Will     .....                  (no boots)
Stlth    ++++......             (no amulet)
HPRegen  0.12/turn              (no ring)
MPRegen  0.13/turn              (no ring)

@: paralysed, brilliant, ice-armoured, resistant
A: fangs 1, strong nose, distributed training
a: Renounce Religion, Channel Magic


You were on level 3 of the Dungeon.
You worshipped Sif Muna.
Sif Muna was aware of your devotion.
You visited 1 branch of the dungeon, and saw 3 of its levels.

You collected 178 gold pieces.

Inventory:

Hand Weapons
 b - a +5 trident of protection (weapon)
 d - a +0 rapier
 l - a +1 dagger of pain
Armour
 a - a +0 robe (worn)
 f - a +1 helmet (worn)
 g - a +1 pair of gloves of stealth (worn)
Jewellery
 q - a ring of resist corrosion
Scrolls
 m - a scroll of magic mapping {unknown}
 p - a scroll of vulnerability {unknown}
Potions
 e - a potion of curing
 k - a potion of ambrosia {unknown}


   Skills:
 + Level 1.6 Fighting
 + Level 1.6 Short Blades
 + Level 1.6 Long Blades
 + Level 1.6 Axes
 + Level 1.6 Maces & Flails
 + Level 1.6 Polearms
 + Level 1.6 Staves
 + Level 1.6 Slings
 + Level 1.6 Bows
 + Level 1.6 Crossbows
 + Level 1.6 Throwing
 + Level 1.6 Armour
 + Level 4.8 Dodging
 + Level 4.4 Stealth
 + Level 1.6 Shields
 + Level 1.6 Unarmed Combat
 + Level 5.2 Spellcasting
 + Level 1.3 Conjurations
 + Level 1.3 Hexes
 + Level 1.3 Summonings
 + Level 1.3 Necromancy
 + Level 1.3 Translocations
 + Level 1.3 Transmutations
 + Level 1.3 Fire Magic
 + Level 7.2 Ice Magic
 + Level 1.3 Air Magic
 + Level 1.3 Earth Magic
 + Level 1.3 Poison Magic
 + Level 1.8 Invocations
 + Level 1.6 Evocations


You had 7 spell levels left.
You knew the following spells:

 Your Spells              Type           Power      Damage    Failure   Level
a - Freeze                Ice            100%       1d11      1%          1
b - Frozen Ramparts       Ice            76%        1d9       2%          3
c - Ozocubu's Armour      Ice            38%        N/A       2%          3

Your spell library contained the following spells:

 Spells                   Type           Power      Damage    Failure   Level
 Hailstorm                Conj/Ice       25%        3d7       26%         4
 Summon Ice Beast         Ice/Summ       25%        N/A       26%         4


Dungeon Overview and Level Annotations

Branches:
Dungeon (3/15)

Altars:
Sif Muna
Uskayaw
Vehumet

Annotations:
D:3 Grinder


Innate Abilities, Weirdness & Mutations

You have very sharp teeth.
Your uncanny sense of smell can sniff out nearby items.
Your experience applies equally to all skills.


Message History

Grinder completely resists.
The wall freezes Grinder but does no damage.
Grinder gestures at you.
You suddenly lose the ability to move!
Grinder completely resists.
The wall freezes Grinder but does no damage.
Grinder hits you but does no damage.
Grinder resists.
The wall freezes Grinder.
Grinder hits you but does no damage.
The frozen ramparts melt away.
Grinder hits you but does no damage.
Grinder blinks! x2
You can move again.
This spell is extremely dangerous to cast!
Memorise Hailstorm, consuming 4 spell levels and leaving 3?
You start memorising the spell.
You continue memorising. x3
Grinder gestures at you.
Your memorisation is interrupted.
You resist with significant effort.
Your icy armour will break if you move.
Continue?
Okay, then.
As you read the scroll of enchant armour, it crumbles to dust.
Your +0 pair of gloves of stealth glows green for a moment.
Grinder gestures at you. Pain shoots through your body!
As you read the scroll labelled ODIT YSSODD, it crumbles to dust.
It is a scroll of identify.
i - 2 potions of degeneration Drop what? 14/52 slots (_ for help) (? for menu, Esc to quit)
You drop 2 potions of degeneration.
As you read the scroll of identify, it crumbles to dust.
j - a potion of brilliance You feel clever all of a sudden.
Grinder gestures at you.
You suddenly lose the ability to move!
Grinder hits you.
* * * LOW HITPOINT WARNING * * *
You writhe in agony.
* * * LOW HITPOINT WARNING * * *
Grinder hits you.
* * * LOW HITPOINT WARNING * * *
You writhe in agony.
You die...

#......8.8....#####.#
#.#..................
#....8.....8..#####.#
._...............#.#
# ...8.....8..###.#.#
#.#(..........# #.#..
#......8.8.(..# #.###
#.5........# #.# #
#@####.##### #.#
##.## #.# #.###
##...###.# #...#
#.....##.### ###.#
#..........#######.#
#.....##........##.#
#....#####.####.##.#
#.#.))[.)>..........
#.#.)#####.#........


You could see Grinder.

Vanquished Creatures
  A scorpion (D:3)
  An orc priest (D:3)
  Robin (D:3)
  2 adders (D:3)
  An ufetubus (D:3)
  2 orcs (D:3)
  6 endoplasms
  4 giant cockroaches
  15 goblins
  8 hobgoblins
  5 jackals
  4 ball pythons
  10 bats
  3 frilled lizards
  4 kobolds
  6 rats
73 creatures vanquished.

Notes
Turn   | Place    | Note
-------+----------+-------------------------------------------
     0 | D:1      | robertstho the Gnoll Ice Elementalist began the quest for
                  | the Orb.
     0 | D:1      | Reached XP level 1. HP: 13/13 MP: 6/6
   412 | D:1      | Reached XP level 2. HP: 19/19 MP: 7/7
  1101 | D:1      | Reached XP level 3. HP: 25/25 MP: 9/9
  1131 | D:1      | Reached skill level 5 in Spellcasting
  1140 | D:1      | You fall into a shaft and drop 1 floor!
  1242 | D:2      | Found a shimmering blue altar of Sif Muna.
  1254 | D:2      | Became a worshipper of Sif Muna the Loreminder
  1357 | D:2      | Learned a level 3 spell: Frozen Ramparts
  1361 | D:2      | Learned a level 3 spell: Ozocubu's Armour
  1417 | D:2      | Found a radiant altar of Vehumet.
  1625 | D:2      | Reached skill level 1 in Invocations
  2301 | D:2      | Identified a scroll of acquirement
  2301 | D:2      | Acquired a +0 pair of gloves of stealth
  2368 | D:3      | Reached skill level 1 in Fighting
  2368 | D:3      | Reached skill level 1 in Short Blades
  2368 | D:3      | Reached skill level 1 in Long Blades
  2368 | D:3      | Reached skill level 1 in Axes
  2368 | D:3      | Reached skill level 1 in Maces & Flails
  2368 | D:3      | Reached skill level 1 in Polearms
  2368 | D:3      | Reached skill level 1 in Staves
  2368 | D:3      | Reached skill level 1 in Slings
  2368 | D:3      | Reached skill level 1 in Bows
  2368 | D:3      | Reached skill level 1 in Crossbows
  2368 | D:3      | Reached skill level 1 in Throwing
  2368 | D:3      | Reached skill level 1 in Armour
  2368 | D:3      | Reached skill level 1 in Shields
  2368 | D:3      | Reached skill level 1 in Unarmed Combat
  2368 | D:3      | Reached skill level 1 in Evocations
  2417 | D:3      | Noticed Robin
  2424 | D:3      | Reached XP level 4. HP: 30/32 MP: 3/11
  2425 | D:3      | Killed Robin
  2425 | D:3      | Reached * piety under Sif Muna
  2570 | D:3      | Found a hide-covered altar of Uskayaw.
  2588 | D:3      | Noticed a scorpion
  2596 | D:3      | Killed a scorpion
  2597 | D:3      | Reached skill level 1 in Conjurations
  2597 | D:3      | Reached skill level 1 in Hexes
  2597 | D:3      | Reached skill level 1 in Summonings
  2597 | D:3      | Reached skill level 1 in Necromancy
  2597 | D:3      | Reached skill level 1 in Translocations
  2597 | D:3      | Reached skill level 1 in Transmutations
  2597 | D:3      | Reached skill level 1 in Fire Magic
  2597 | D:3      | Reached skill level 1 in Air Magic
  2597 | D:3      | Reached skill level 1 in Earth Magic
  2597 | D:3      | Reached skill level 1 in Poison Magic
  2597 | D:3      | Reached XP level 5. HP: 26/37 MP: 12/12
  3423 | D:3      | Noticed Grinder
  3442 | D:3      | Paralysed by Grinder for 7 turns
  3457 | D:3      | Paralysed by Grinder for 3 turns
  3459 | D:3      | Slain by Grinder

Illustrated notes

Levels and vault maps discovered:
D:1:      elethiomel_arrival_maze, layout_loops_ring, grunt_decor_mini_mirrors
D:2:      layout_basic, basic_altar, minmay_hexomino_r4
D:3:      layout_loops_ring, nicolae_uskayaw_dance_hall,
          hangedman_decor_peaks_small, uniq_robin, uniq_grinder

Skill      XL: |  1  2  3  4 |
---------------+-------------+-----
Spellcasting   | 5 |  5.2
Invocations    | 1 |  1.8
Fighting       | 1 |  1.6
Short Blades   | 1 |  1.6
Long Blades    | 1 |  1.6
Axes           | 1 |  1.6
Maces & Flails | 1 |  1.6
Polearms       | 1 |  1.6
Staves         | 1 |  1.6
Slings         | 1 |  1.6
Bows           | 1 |  1.6
Crossbows      | 1 |  1.6
Throwing       | 1 |  1.6
Armour         | 1 |  1.6
Shields        | 1 |  1.6
Unarmed Combat | 1 |  1.6
Evocations     | 1 |  1.6
Conjurations   | 1 |  1.3
Hexes          | 1 |  1.3
Summonings     | 1 |  1.3
Necromancy     | 1 |  1.3
Translocations | 1 |  1.3
Transmutations | 1 |  1.3
Fire Magic     | 1 |  1.3
Air Magic      | 1 |  1.3
Earth Magic    | 1 |  1.3
Poison Magic   | 1 |  1.3
Dodging        | |  4.8
Stealth        | |  4.4
Ice Magic      | |  7.2

Action                   |  1- 3 |  4- 6 || total
-------------------------+-------+-------++-------
Melee: Dagger            |    62 |     2 ||    64
       Rapier            |    39 |       ||    39
       Bite              |     5 |     1 ||     6
       Trident           |       |    45 ||    45
 Cast: Freeze            |    13 |     6 ||    19
       Frozen Ramparts   |     1 |     3 ||     4
       Ozocubu's Armour  |     1 |     1 ||     2
  Use: Scroll            |     3 |     3 ||     6
       Potion            |       |     4 ||     4
 Stab: Sleeping          |    17 |     5 ||    22
Armor: Robe              |    23 |    15 ||    38
Dodge: Dodged            |    69 |    26 ||    95

Table legend: (Time is in decaauts)
 A = Elapsed time spent in this place.
 B = Non-inter-level travel time spent in this place.
 C = Inter-level travel time spent in this place.
 D = Time resting spent in this place.
 E = Time spent auto-exploring this place.
 F = Levels seen in this place.
 G = Mean time per level.
                   A        B        C        D        E       F      G
               +--------+--------+--------+--------+--------+-----+--------+
         Total |   3473 |   3419 |     54 |      0 |   2938 |   3 | 1157.7 |
       Dungeon |   3473 |   3419 |     54 |      0 |   2938 |   3 | 1157.7 |
               +--------+--------+--------+--------+--------+-----+--------+

Top non-repeatable levels by time:
     D:1: 1345 daAuts
     D:3: 1151 daAuts
     D:2: 975 daAuts
